 Dungeon Crawl Stone Soup version 0.29.1-12-g30fa7ad0bf (webtiles) character file.

Game seed: 13898851148049087568

5726 polio18 the Carver (level 11, -10/94 HPs)
             Began as a Meteoran Fighter on Jan 4, 2023.
             Was a Believer of Qazlal.
             Mangled by a sun demon (16 damage)
             ... summoned by an orc high priest
             ... on level 1 of the Orcish Mines.
             The game lasted 00:22:57 (5144 turns).

polio18 the Carver (Meteoran Fighter)               Turns: 5144, Time: 00:22:57

Health: -10/94     AC: 22    Str: 24    XL:     11   Next: 25%
Magic:  11/12      EV:  7    Int:  9    God:    Qazlal [**....]
Gold:   229        SH: 14    Dex: 19    Spells: 10/10 levels left

rFire   + . .      SeeInvis .   p - +2 scimitar
rCold   + . .      Faith    .   y - +0 kite shield
rNeg    . . .      Spirit   .   l - +0 plate armour
rPois   .          Reflect  .   t - +2 helmet
rElec   .          Harm     .   q - scarf {rC+ rF+}
rCorr   .          Rampage  .   (no gloves)
Will    +....                   G - +0 pair of boots
Stlth   ..........              (no amulet)
HPRegen 0.25/turn               j - +6 ring of dexterity
MPRegen 0.13/turn               u - +4 ring of protection

@: glowing
A: sense surroundings 2, otherworldly, glowing, explore regen
a: Renounce Religion, Upheaval


You were on level 1 of the Orcish Mines.
You worshipped Qazlal.
Qazlal was pleased with you.
You visited 3 branches of the dungeon, and saw 11 of its levels.

You collected 229 gold pieces.

Inventory:

Hand Weapons
 p - a +2 scimitar (weapon)
 v - a +1 falchion of electrocution
 C - a +2 dire flail of holy wrath
Missiles
 c - 26 poisoned darts (quivered)
Armour
 l - a +0 plate armour (worn)
 q - a scarf of resistance (worn)
 t - a +2 helmet (worn)
 y - a +0 kite shield (worn)
 G - a +0 pair of boots (worn)
Jewellery
 j - a +6 ring of dexterity (left hand)
 u - a +4 ring of protection (right hand)
 A - a +6 ring of dexterity
 B - a ring of magical power
Wands
 x - a wand of digging (2)
 D - a wand of roots (5)
Scrolls
 a - 2 scrolls of enchant armour {unknown}
 g - a scroll of vulnerability
 o - 6 scrolls of teleportation
 r - a scroll of poison {unknown}
 z - a scroll of enchant weapon {unknown}
 E - a scroll of magic mapping {unknown}
 F - a scroll of noise {unknown}
Potions
 b - 6 potions of curing
 d - 2 potions of might
 e - a potion of heal wounds
 f - a potion of degeneration {unknown}
 h - a potion of haste {unknown}
 i - 2 potions of resistance {unknown}
 k - a potion of lignification {unknown}
 m - 2 potions of attraction
 n - a potion of berserk rage {unknown}
 s - a potion of ambrosia {unknown}
 w - a potion of flight {unknown}


   Skills:
 + Level 7.9 Fighting
 + Level 12.6 Long Blades
 + Level 9.0 Armour
 + Level 1.9 Dodging
 + Level 0.6 Stealth
 + Level 8.9 Shields


You had 10 spell levels left.
You didn't know any spells.
Your spell library contained the following spells:

 Spells                   Type           Power      Damage    Failure   Level
 Beastly Appendage        Tmut           0%         N/A       100%        1
 Magic Dart               Conj           0%         1d3       100%        1
 Sandblast                Erth           0%         2d4       100%        1
 Shock                    Conj/Air       0%         1d3       100%        1
 Passwall                 Tmut/Erth      0%         N/A       100%        2
 Searing Ray              Conj           0%         2d4       100%        2
 Wereblood                Tmut           0%         N/A       100%        2
 Call Canine Familiar     Summ           0%         N/A       100%        3
 Ignite Poison            Fire/Tmut/Pois 0%         N/A       100%        3
 Mephitic Cloud           Conj/Pois/Air  0%         N/A       100%        3
 Portal Projectile        Hex/Tloc       0%         N/A       100%        3
 Spider Form              Tmut/Pois      0%         N/A       100%        3
 Stone Arrow              Conj/Erth      0%         3d7       100%        3
 Swiftness                Air            0%         N/A       100%        3
 Tukima's Dance           Hex            0%         N/A       100%        3
 Airstrike                Air            0%         2d(0-16)  100%        4
 Fulminant Prism          Conj/Hex       0%         3d6       100%        4
 Leda's Liquefaction      Hex/Erth       0%         N/A       100%        4
 Passage of Golubria      Tloc           0%         N/A       100%        4
 Freezing Cloud           Conj/Ice/Air   0%         6-21      100%        5
 Yara's Violent Unravell  Hex/Tmut       0%         3d3       100%        5


Dungeon Overview and Level Annotations

Branches:
Dungeon (9/15) Zot: 909    Temple (1/1) D:5 Zot: 302    Lair (0/5) D:8
    Orc (1/2) D:9 Zot: 587

Altars:
Ashenzari
Cheibriados
Dithmenos
Gozag
Hepliaklqana
Kikubaaqudgha
Makhleb
Nemelex Xobeh
Qazlal
Sif Muna
Trog
Vehumet
Xom
Yredelemnul
Zin
The Shining One

Shops:
D:4 :

Annotations:
D:5 3 runed translucent doors, rakiston's ghost, novice MiBe
D:9 2 transporters


Innate Abilities, Weirdness & Mutations

You passively map the area around you.
You are easily found by Zot.
You glow in the dark.
You regain HP and MP as you explore.


Message History

The blast of rubble hits the orc.
The orc is heavily wounded.
The hellwing barely misses you. The hellwing closely misses you.
The sun demon barely misses you. You block the orc warrior's attack.
The orc warrior hits you but does no damage.
The orc warrior hits you with a +0 long sword!
* * * LOW HITPOINT WARNING * * *
Something hits you.
* * * LOW HITPOINT WARNING * * *
You block the orc high priest's attack.
You don't know any spells.
Okay, then.
Unknown command.
You slash the orc!
You kill the orc!
Qazlal accepts your kill. You block the hellwing's attack.
The hellwing closely misses you. The sun demon hits you.
* * * LOW HITPOINT WARNING * * *
You are engulfed in flames.
You resist.
* * * LOW HITPOINT WARNING * * *
The orc warrior closely misses you.
The orc warrior hits you but does no damage.
You block the orc warrior's attack. Something hits you but does no damage.
You block the orc high priest's attack. The hellwing attacks as you move away!
You block the hellwing's attack.
The hellwing hits you but does no damage.
The orc warrior attacks as you move away!
You block the orc warrior's attack. You block something's attack.
You see here a +2 flail of protection.
You slash the hellwing!
The hellwing is moderately wounded.
The hellwing hits you!
* * * LOW HITPOINT WARNING * * *
The hellwing hits you but does no damage.
The orc warrior is engulfed in blazing flames.
You slash the orc high priest!
The orc high priest is severely wounded.
The sun demon hits you!
You die...

... ##.#### * * *
#...####...#.## *
*, ,* ,
*,#....#........# *
, , ,
.............. ., ,
* ........$.... #.#
,,...........##....
#......$.o.......
,, *, *
#....oo4o....... *
* , ...##{@3○.....#
........o.....#.$ *
,.............##* *
#...........## * *
##........#.#*
#............#
....#...#.$.##
#.##.....#.## *


You could see an orc high priest, a sun demon (summoned), a hellwing (summoned),
3 orc warriors and an orc priest.

Vanquished Creatures
  Pikel (D:5)
  An elephant (D:8)
  The ghost of mandoloar the Ducker, a novice DjCj (D:3)
  Grinder (D:5)
  Prince Ribbit (D:8)
  2 wyverns
  6 yaks (D:9)
  Eustachio (D:5)
  3 steam dragons
  A sky beast (D:7)
  A black bear (D:8)
  2 ogres
  An orc warrior (D:7)
  A centaur (D:7)
  2 kobold brigands
  A phantom (D:6)
  A bullfrog (D:8)
  Blork the orc (D:4)
  3 scorpions
  6 wights
  9 killer bees
  3 quasits (D:4)
  3 hounds
  Crazy Yiuf (D:4)
  2 gnoll boudas (D:7)
  3 orc priests
  A jelly (D:6)
  An iguana (D:4)
  Jessica (D:2)
  Terence (D:2)
  4 orc wizards
  Robin (D:4)
  5 adders
  6 gnolls (D:7)
  2 shadow imps
  An ufetubus (D:7)
  3 worms
  The ghost of croobank the Sneak, a weakling DsDe (D:4)
  2 dart slugs
  27 orcs
  6 endoplasms
  5 giant cockroaches
  15 goblins
  11 hobgoblins
  12 kobolds
  2 quokkas
  6 ball pythons
  4 bats
  A frilled lizard (D:1)
  2 rats
178 creatures vanquished.

Vanquished Creatures (others)
  An orc wizard (D:5)
  3 orcs (D:5)
  5 fungi
  6 plants
15 creatures vanquished.

Grand Total: 193 creatures vanquished

Notes
Turn   | Place    | Note
-------+----------+-------------------------------------------
     0 | D:1      | polio18 the Meteoran Fighter began the quest for the Orb.
     0 | D:1      | Reached XP level 1. HP: 19/19 MP: 2/2
    49 | D:1      | Reached XP level 2. HP: 26/26 MP: 3/3
   279 | D:1      | Reached XP level 3. HP: 28/33 MP: 4/4
   475 | D:1      | Glimpsed the power of Zot.
   525 | D:1      | Glimpsed the power of Zot.
   597 | D:2      | Noticed Terence
   615 | D:2      | Killed Terence
   616 | D:2      | Reached skill level 3 in Long Blades
   616 | D:2      | Reached XP level 4. HP: 14/40 MP: 5/5
   840 | D:2      | Found a faded altar of an unknown god.
   962 | D:2      | Noticed Jessica
   968 | D:2      | Killed Jessica
   969 | D:2      | Reached XP level 5. HP: 38/46 MP: 6/6
  1056 | D:2      | Glimpsed the power of Zot.
  1106 | D:2      | Glimpsed the power of Zot.
  1141 | D:3      | Found a shimmering blue altar of Sif Muna.
  1155 | D:3      | Found a basalt altar of Yredelemnul.
  1173 | D:3      | Found a runed translucent gate.
  1173 | D:3      | Found a runed translucent gate.
  1174 | D:3      | Found a runed translucent gate.
  1175 | D:3      | Noticed mandoloar's ghost (novice DjCj)
  1499 | D:3      | Reached skill level 4 in Long Blades
  1636 | D:3      | Glimpsed the power of Zot.
  1675 | D:3      | Killed mandoloar's ghost
  1676 | D:3      | Reached skill level 6 in Long Blades
  1676 | D:3      | Reached XP level 6. HP: 19/55 MP: 7/7
  1676 | D:3      | Reached XP level 7. HP: 21/60 MP: 8/8
  1681 | D:3      | Glimpsed the power of Zot.
  1721 | D:3      | Glimpsed the power of Zot.
  1731 | D:3      | Touched by the power of Zot.
  1772 | D:4      | Reached skill level 5 in Fighting
  1795 | D:4      | Reached skill level 5 in Armour
  1801 | D:4      | Found a runed translucent door.
  1802 | D:4      | Noticed Crazy Yiuf
  1867 | D:4      | Killed Crazy Yiuf
  1868 | D:4      | Reached skill level 7 in Long Blades
  1868 | D:4      | Reached XP level 8. HP: 13/54 MP: 9/9
  1946 | D:4      | Noticed Blork the orc
  1974 | D:4      | Killed Blork the orc
  2014 | D:4      | Found a transporter.
  2018 | D:4      | Noticed croobank's ghost (weakling DsDe)
  2028 | D:4      | Found a transporter.
  2038 | D:4      | Killed croobank's ghost
  2069 | D:4      | Reached skill level 5 in Shields
  2244 | D:4      | Found Marirom's Book Emporium.
  2263 | D:4      | Noticed Robin
  2308 | D:4      | Killed Robin
  2442 | D:4      | Glimpsed the power of Zot.
  2490 | D:5      | Entered Level 5 of the Dungeon
  2541 | D:5      | Noticed Pikel
  2575 | D:5      | Killed Pikel
  2576 | D:5      | Reached skill level 8 in Long Blades
  2576 | D:5      | Reached skill level 1 in Dodging
  2576 | D:5      | Gained mutation: You passively map the area around you.
                  | [Meteoran growth]
  2576 | D:5      | Reached XP level 9. HP: 34/75 MP: 10/10
  2597 | D:5      | Found a staircase to the Ecumenical Temple.
  2612 | Temple   | Entered the Ecumenical Temple
  2884 | Temple   | Became a worshipper of Qazlal Stormbringer
  2919 | D:5      | Noticed rakiston's ghost (novice MiBe)
  2929 | D:5      | Found a runed translucent gate.
  2929 | D:5      | Found a runed translucent gate.
  2930 | D:5      | Found a runed translucent gate.
  2973 | D:5      | Noticed Grinder
  2992 | D:5      | Paralysed by Grinder for 3 turns
  3001 | D:5      | Killed Grinder
  3002 | D:5      | Reached skill level 9 in Long Blades
  3119 | D:5      | Noticed Eustachio
  3131 | D:5      | Killed Eustachio
  3338 | D:5      | Glimpsed the power of Zot.
  3388 | D:5      | Glimpsed the power of Zot.
  3549 | D:6      | Reached skill level 10 in Long Blades
  3907 | D:7      | Reached XP level 10. HP: 83/84 MP: 11/11
  4087 | D:7      | Reached * piety under Qazlal
  4185 | D:7      | Reached skill level 11 in Long Blades
  4532 | D:7      | Glimpsed the power of Zot.
  4581 | D:6      | Glimpsed the power of Zot.
  4621 | D:4      | Glimpsed the power of Zot.
  4630 | D:5      | Touched by the power of Zot.
  4717 | D:8      | Noticed an elephant
  4743 | D:8      | Killed an elephant
  4848 | D:8      | Noticed Prince Ribbit
  4868 | D:8      | Killed Prince Ribbit
  4888 | D:8      | Reached skill level 12 in Long Blades
  4933 | D:9      | Reached XP level 11. HP: 61/89 MP: 12/12
  5005 | D:9      | Found a transporter.
  5014 | D:9      | Found a transporter.
  5042 | D:9      | Reached ** piety under Qazlal
  5069 | D:9      | Found a transporter.
  5077 | D:9      | Found a transporter.
  5081 | D:9      | Found a staircase to the Orcish Mines.
  5131 | Orc:1    | Entered Level 1 of the Orcish Mines
  5131 | Orc:1    | Noticed an orc high priest
  5137 | Orc:1    | Noticed a sun demon
  5144 | Orc:1    | Mangled by a sun demon

Illustrated notes

Levels and vault maps discovered:
D:1:      lightli_arrival_windingriver, layout_basic
D:2:      layout_rooms, ebering_ecumenical_altar_abandoned, uniq_terence,
          uniq_jessica
D:3:      layout_loops_corners, lemuel_doored_altar,
          mainiacjoe_overflow_24_doors, nicolae_sif_muna_condensation,
          biasface_ghost_orc_armoury
D:4:      layout_loops_ring, kennysheep_little_box, serial_shops,
          nicolae_shop_hallway_plus, gammafunk_ghost_stat_death,
          uniq_blork_the_orc, uniq_crazy_yiuf_cottage, uniq_robin
D:5:      layout_layer_cave, minmay_temple_entry_tees, gammafunk_ghost_split,
          uniq_grinder, uniq_eustachio, uniq_pikel
D:6:      layout_rooms, hangedman_abyss_or_decor_jellyfish_corner
D:7:      layout_basic
D:8:      layout_rooms, mainiacjoe_overflow_boulevard, david_lair_generic,
          uniq_prince_ribbit1, uniq_maurice, uniq_psyche
D:9:      layout_long_grid, nicolae_wu_jian_immortal_techniques, tgw_fedhas,
          nicolae_transporter_intersection, uniq_harold, uniq_erolcha
Temple:   minmay_temple_curvy_branch
Orc:1:    layout_caves

Skill      XL: |  1  2  3  4  5  6  7  8  9 10 11 |
---------------+----------------------------------+-----
Armour         | 4 5 6 8 9 |  9.0
Shields        | 4 5 8 |  8.9
Fighting       | 4 5 6 7 |  7.9
Long Blades    | 3 6 7 8 10 12 | 12.6
Dodging        | 1 |  1.9
Stealth        | |  0.6

Action                   |  1- 3 |  4- 6 |  7- 9 | 10-12 || total
-------------------------+-------+-------+-------+-------++-------
Melee: Long sword        |   106 |   135 |       |       ||   241
       Scimitar          |       |    12 |   295 |   269 ||   576
       Unarmed           |       |       |     3 |       ||     3
Invok: Upheaval          |       |       |       |     1 ||     1
  Use: Scroll            |       |       |     7 |       ||     7
       Potion            |       |       |     1 |       ||     1
Armor: Scale mail        |    48 |       |       |       ||    48
       Chain mail        |       |    10 |       |       ||    10
       Plate armour      |       |    63 |   386 |   144 ||   593
Dodge: Dodged            |    39 |    16 |   130 |    44 ||   229
Block: Buckler           |    31 |    29 |    80 |       ||   140
       Kite shield       |       |       |    39 |   182 ||   221
